 Dungeon Crawl Stone Soup version 0.29.0-7-g18a832c13a (webtiles) character file.

Game seed: 6053829347397082369

302 Leibowitz the Trooper (level 6, -1/38 HPs)
             Began as a Kobold Fighter on Aug 30, 2022.
             Slain by an orc wizard
             ... wielding a +0 dagger
              (3 damage)
             ... on level 3 of the Dungeon.
             The game lasted 00:04:55 (3207 turns).

Leibowitz the Trooper (Kobold Fighter)              Turns: 3207, Time: 00:04:56

Health: -1/38      AC:  3    Str: 14    XL:     6   Next: 65%
Magic:  6/6        EV: 14    Int:  9    God:
Gold:   148        SH:  0    Dex: 16    Spells: 5/5 levels left

rFire   . . .      SeeInvis .   a - +0 rapier
rCold   . . .      Faith    .   c - +0 buckler
rNeg    . . .      Spirit   .   f - +0 leather armour
rPois   .          Reflect  .   (no helmet)
rElec   .          Harm     .   (no cloak)
rCorr   .          Rampage  .   (no gloves)
Will    .....                   (no boots)
Stlth   ++........              (no amulet)
HPRegen 0.12/turn               (no ring)
MPRegen 0.10/turn               (no ring)

@: confused
A: small, no large weapons, nightstalker 3
a: no special abilities


You were on level 3 of the Dungeon.
You visited 1 branch of the dungeon, and saw 3 of its levels.

You collected 148 gold pieces.

Inventory:

Hand Weapons
 a - a +0 rapier (weapon)
Armour
 c - a +0 buckler (worn)
 f - a +0 leather armour (worn)
Wands
 g - a wand of paralysis (6)
Scrolls
 b - 2 scrolls of noise {unknown}
 d - 2 scrolls of identify {unknown}
 e - a scroll of teleportation {unknown}
 h - a scroll of vulnerability {unknown}


   Skills:
 * Level 4.2 Fighting
 - Level 2.6(3.2) Short Blades
 * Level 1.5(1.9) Long Blades
 * Level 3.2 Armour
 * Level 2.5 Dodging
 * Level 4.2 Stealth
 * Level 3.0 Shields


You had 5 spell levels left.
You didn't know any spells.
Your spell library contained the following spells:

 Spells                   Type           Power      Damage    Failure   Level
 Slow                     Hex            0%         N/A       58%         1
 Confusing Touch          Hex            0%         N/A       92%         3
 Vampiric Draining        Necr           0%         2d6       92%         3


Dungeon Overview and Level Annotations

Branches:
Dungeon (3/15)

Altars:
Cheibriados


Innate Abilities, Weirdness & Mutations

You are small and have problems with some larger weapons.
You are completely attuned to the shadows.


Message History

The ball python grabs you. The ball python constricts you.
The ball python bites you. The ball python constricts you.
You hit the ball python but do no damage.
The ball python barely misses you. The ball python constricts you.
You puncture the ball python!
You kill the ball python!
A magic dart appears from out of thin air!
The magic dart hits you.
You barely miss the rat. The rat closely misses you.
You hit the rat but do no damage. The rat bites you but does no damage.
You barely miss the rat.
The rat twitches its whiskers.
The rat misses you.
You hit the rat.
You kill the rat!
You hit something. Something hits you.
You hit something but do no damage. Something hits you.
You closely miss something. Something hits you.
You hit something but do no damage. Something barely misses you.
You miss something. Something hits you.
You hit something. Something hits you but does no damage.
You hit something but do no damage.
You hear some strange, mumbled words.
A puff of flame appears from out of thin air!
The puff of flame hits you. Something hits you but does no damage.
You miss something.
You hear some strange, mumbled words.
You are confused.
You miss something.
You hear some strange, mumbled words.
A magic dart appears from out of thin air!
The magic dart hits you!
* * * LOW HITPOINT WARNING * * *
You're too confused to move!
You hear some strange, mumbled words.
A puff of flame appears from out of thin air!
The puff of flame hits you.
* * * LOW HITPOINT WARNING * * *
You bump into the rock wall.
Something hits you.
You die...

#........ +........
......##....)...
......++........
#.........##........
#.........##......<.
#...................
#......#'#{######...
#.)....#.#@# ..
#........#.#
#####........#.#
#........#...#.#
#.######.#.#.#.# #.#
#.#.#.# #.# #.#.#.#
#.# #.....# #.#
###...#


There were no monsters in sight!

Vanquished Creatures
  Sigmund (D:2)
  An orc priest (D:3)
  An orc wizard (D:2)
  3 adders (D:2)
  3 adder zombies (D:2)
  A dart slug (D:1)
  4 orcs
  4 ball pythons
  A bat skeleton (D:2)
  2 endoplasms
  A giant cockroach (D:1)
  4 goblins
  5 hobgoblins
  5 bats
  7 frilled lizards
  5 kobolds
  A quokka skeleton (D:2)
  5 rats
54 creatures vanquished.

Vanquished Creatures (others)
  8 demonic plants (D:2)
  2 plants (D:2)
  A withered plant (D:2)
11 creatures vanquished.

Grand Total: 65 creatures vanquished

Notes
Turn   | Place    | Note
-------+----------+-------------------------------------------
     0 | D:1      | Leibowitz the Kobold Fighter began the quest for the Orb.
     0 | D:1      | Reached XP level 1. HP: 14/14 MP: 1/1
   309 | D:1      | Reached XP level 2. HP: 19/19 MP: 2/2
   725 | D:1      | Reached XP level 3. HP: 20/23 MP: 3/3
   810 | D:1      | Reached skill level 1 in Stealth
  1227 | D:2      | Noticed Sigmund
  1234 | D:2      | Killed Sigmund
  1235 | D:2      | Reached skill level 1 in Long Blades
  1235 | D:2      | Reached skill level 1 in Dodging
  1235 | D:2      | Reached XP level 4. HP: 29/29 MP: 4/4
  1235 | D:2      | Reached XP level 5. HP: 33/33 MP: 5/5
  1398 | D:2      | Reached XP level 6. HP: 15/38 MP: 6/6
  1747 | D:2      | Found a snail-covered altar of Cheibriados.
  2108 | D:2      | Found a faded altar of an unknown god.
  2440 | D:2      | HP: 1/38 [orc wizard/magic dart (6)]
  3207 | D:3      | Slain by an orc wizard

Illustrated notes

Levels and vault maps discovered:
D:1:      erik_arrival_triangle_medium, layout_basic, columned_hall_lemuel,
          roderic_st_hans_cross
D:2:      layout_rooms, shapermc_ecumenical_altar_gd, serial_undead,
          serial_undead_f, serial_undead_f, serial_undead_c, serial_undead_b,
          basic_altar, nicolae_figureground_sparkle, uniq_sigmund
D:3:      minmay_inner_zag, layout_basic, minmay_goblin_kobold_house,
          uniq_grinder

Skill      XL: |  1  2  3  4  5  6 |
---------------+-------------------+-----
Stealth        | 3 4 |  4.2
Fighting       | 4 |  4.2
Long Blades    | 1 |  1.5
Armour         | 3 |  3.2
Dodging        | 1 2 |  2.5
Shields        | 3 |  3.0
Short Blades   | |  2.6

Action                   |  1- 3 |  4- 6 || total
-------------------------+-------+-------++-------
Melee: Rapier            |    76 |   124 ||   200
  Use: Potion            |     1 |     3 ||     4
 Stab: Sleeping          |    10 |     6 ||    16
Armor: Scale mail        |     4 |       ||     4
       Leather armour    |     9 |    29 ||    38
Dodge: Dodged            |    50 |    57 ||   107
Block: Buckler           |    14 |    27 ||    41
